Map: [ESL] Gresvan

Players

Maru - Winner!

  • Race: Terran Terran
  • Spawn Location: 11:00

Bunny

  • Race: Terran Terran
  • Spawn Location: 5:00

Event: IEM Katowice 2023

VOD

Have the link to the VOD?

Description

Time

  • Played on: Feb. 10, 2023, 10:08 a.m.
  • Length: 22:08

All games in this series

Show
View Real Time Build Order
Export as new Build Order

Maru Terran - Winner!

Build Orders:  

Get SALT Encoding   

  12  0:00  SCV  
  13  0:12  SCV  
  14  0:17  Supply Depot  
  14  0:24  SCV  
  15  0:39  SCV  
  15  0:40  Barracks  
  16  0:43  Refinery  
  16  0:51  SCV  
  16  0:53  Refinery  
  17  1:03  SCV  
  18  1:15  SCV  
  19  1:26  Barracks Reactor  
  19  1:27  Orbital Command  
  19  1:32  Supply Depot  
  19  1:41  Factory  
  19  1:53  SCV  
  20  2:02  Reaper x2  
  20  2:05  SCV  
  23  2:17  SCV  
  24  2:25  Hellion  
  24  2:29  Command Center  
  26  2:35  Supply Depot  
  26  2:38  Reaper  
  26  2:40  Reaper  
  26  2:42  SCV  
  29  2:48  Hellion  
  31  2:56  SCV  
  32  3:03  Barracks  
  32  3:08  SCV  
  32  3:10  Marine, Factory Tech Lab  
  32  3:12  Marine  
  35  3:20  SCV  
  36  3:29  Cyclone  
  39  3:40  SCV  
  40  3:48  Orbital Command  
  39  3:52  SCV  
  39  3:53  Marine x2  
  39  3:54  Barracks Tech Lab  
  42  4:04  Supply Depot  
  42  4:05  SCV  
  42  4:07  Starport  
  43  4:10  Supply Depot  
  43  4:12  Marine x2  
  43  4:14  SCV  
  43  4:16  Stimpack  
  47  4:17  SCV  
  47  4:20  Factory Reactor  
  46  4:24  Marine  
  46  4:26  SCV  
  46  4:29  SCV  
  49  4:32  Marine x2  
  49  4:38  SCV  
  52  4:41  SCV  
  53  4:47  Marine  
  53  4:50  Marine x2, SCV, Supply Depot  
  55  4:53  SCV  
  55  4:58  Command Center  
  56  5:01  Medivac  
  56  5:02  Medivac  
  56  5:03  SCV  
  56  5:05  SCV  
  62  5:08  Siege Tank  
  65  5:15  SCV  
  65  5:17  SCV  
  66  5:21  Marine x2  
  66  5:24  Refinery  
  66  5:25  Bunker  
  68  5:30  SCV x2  
  68  5:32  Barracks  
  70  5:39  Starport Reactor  
  70  5:41  Engineering Bay  
  70  5:42  Siege Tank, Engineering Bay, SCV  
  74  5:44  SCV  
  74  5:49  Marine x2  
  76  5:54  SCV  
  78  5:57  SCV  
  78  5:58  Combat Shield  
  78  6:04  Supply Depot  
  78  6:06  Refinery  
  78  6:08  Terran Infantry Armor Level 1, Terran Infantry Weapons Level 1  
  78  6:10  Marine x2, SCV  
  81  6:13  Orbital Command  
  80  6:23  SCV  
  77  6:25  SCV  
  77  6:28  Marine  
  77  6:30  Marine x2  
  81  6:35  SCV  
  81  6:38  SCV  
  80  6:41  Orbital Command, Viking x2  
  80  6:44  Marine  
  80  6:45  Marine  
  86  6:47  SCV  
  86  6:50  Supply Depot  
  87  6:56  SCV  
  87  6:59  SCV  
  89  7:02  Barracks  
  89  7:05  Barracks, Supply Depot  
  89  7:07  Siege Tank  
  89  7:08  Marine x2, SCV  
  95  7:11  SCV  
  96  7:20  SCV  
  87  7:23  Marine, SCV  
  87  7:27  Medivac x2  
  94  7:30  SCV  
  94  7:32  SCV  
  94  7:35  Marine, SCV  
  94  7:36  Marine  
  98  7:38  Armory  
  98  7:40  Siege Tank  
  98  7:42  SCV  
  102  7:44  SCV  
  102  7:47  Marine, SCV  
  102  7:51  Supply Depot x2  
  105  7:52  Barracks Reactor x2  
  105  7:54  SCV  
  105  7:56  SCV  
  107  8:00  SCV  
  107  8:01  Viking x2  
  107  8:05  Refinery  
  112  8:06  SCV, Refinery  
  112  8:08  Marine x2, SCV  
  112  8:09  Marine  
  112  8:12  Marine, SCV  
  119  8:13  Supply Depot  
  119  8:18  SCV, Missile Turret  
  119  8:19  Siege Tank  
  123  8:20  SCV  
  123  8:24  SCV, Barracks Reactor  
  125  8:30  SCV  
  125  8:32  Marine x2, SCV  
  125  8:34  Command Center  
  129  8:37  SCV  
  129  8:38  Terran Infantry Weapons Level 2  
  129  8:40  Marine x2  
  132  8:42  SCV  
  132  8:43  Supply Depot  
  132  8:44  SCV  
  132  8:47  Factory  
  134  8:48  Marine x3  
  134  8:49  SCV  
  134  8:52  Supply Depot  
  134  8:54  SCV  
  139  8:57  SCV, Terran Infantry Armor Level 2, Missile Turret  
  139  9:01  SCV  
  141  9:04  Viking x2  
  143  9:11  Marine x5, Terran Vehicle Weapons Level 1  
  143  9:14  Supply Depot  
  148  9:17  Marine  
  148  9:18  Marine  
  147  9:24  Sensor Tower  
  147  9:30  Marine x6  
  152  9:31  Siege Tank  
  152  9:37  Siege Tank  
  146  9:39  SCV  
  146  9:40  SCV x2  
  149  9:47  Planetary Fortress  
  149  9:49  Marine x2  
  149  9:51  Sensor Tower  
  151  9:53  Viking x2  
  151  9:56  Marine x2  
  157  10:04  Siege Tank, Missile Turret  
  159  10:09  Refinery  
  159  10:10  Command Center, Refinery  
  159  10:12  Supply Depot  
  159  10:13  Missile Turret  
  159  10:21  Starport  
  159  10:22  Starport  
  159  10:25  Viking x2  
  159  10:27  Missile Turret  
  163  10:32  Siege Tank  
  163  10:33  Marine  
  167  10:46  Command Center  
  167  10:50  Siege Tank, Marine x2  
  171  11:01  Liberator x2  
  171  11:02  Starport Tech Lab x2  
  177  11:04  Supply Depot  
  175  11:19  Marine  
  175  11:25  Terran Vehicle Weapons Level 2, Raven x2  
  176  11:33  Marine  
  176  11:34  Siege Tank  
  176  11:37  Marine  
  169  11:45  Marine x2  
  171  11:56  Viking  
  171  11:57  Viking  
  171  11:58  SCV x4  
  171  12:01  Sensor Tower, Command Center  
  177  12:02  Terran Infantry Weapons Level 3  
  177  12:04  Starport Tech Lab  
  177  12:10  SCV, Missile Turret  
  177  12:11  Refinery  
  177  12:12  Siege Tank  
  177  12:13  Marine x5  
  186  12:19  SCV x2  
  186  12:20  SCV  
  189  12:25  Refinery  
  189  12:26  Planetary Fortress  
  189  12:27  Refinery  
  189  12:29  Command Center  
  189  12:41  Terran Infantry Armor Level 3  
  189  12:47  Sensor Tower  
  189  12:48  Missile Turret  
  189  12:50  Missile Turret, Raven x2  
  179  13:13  Siege Tank, Marine  
  179  13:14  Marine x3  
  179  13:18  Marine  
  179  13:19  Siege Tank  
  132  13:21  Marine  
  132  13:24  Marine x3  
  132  13:26  Liberator, Raven x2  
  132  13:27  Liberator  
  132  13:31  Marine x2  
  132  13:32  Marine x2  
  132  13:33  SCV  
  140  13:34  SCV x2  
  140  13:35  Marine  
  140  13:38  Orbital Command, Marine  
  144  13:45  Siege Tank, SCV  
  144  13:46  Marine x2  
  150  13:50  Terran Vehicle And Ship Armor Level 1  
  150  13:51  Siege Tank  
  153  13:58  SCV x5  
  158  14:10  SCV x2  
  160  14:17  Siege Tank  
  160  14:18  Viking x2, Raven x2  
  160  14:23  Armory  
  171  14:41  Siege Tank  
  174  14:49  Siege Tank  
  174  14:52  Marine x2, Barracks Reactor, Raven  
  181  14:58  Planetary Fortress  
  180  15:04  Command Center  
  179  15:13  Siege Tank, Liberator x2  
  179  15:14  Liberator  
  184  15:21  Siege Tank  
  184  15:26  Liberator  
  190  15:36  Marine  
  190  15:40  Supply Depot  
  191  15:46  Siege Tank  
  191  15:52  Terran Vehicle And Ship Armor Level 2  
  191  16:01  Liberator  
  191  16:02  Command Center  
  191  16:03  Command Center  
  193  16:32  Siege Tank x2  
  176  16:33  Command Center  
  176  16:34  Sensor Tower  
  176  16:37  Planetary Fortress  
  173  16:40  Fusion Core  
  173  16:47  Liberator  
  173  16:49  Marine  
  173  16:50  Marine x6  
  173  16:52  Marine x2  
  176  17:04  Siege Tank x2  
  176  17:05  Marine  
  168  17:17  Marine  
  168  17:18  Marine x8  
  168  17:19  Refinery  
  168  17:20  Refinery  
  168  17:22  Orbital Command  
  177  17:23  Marine, Refinery x2  
  177  17:29  Advanced Ballistics  
  178  17:35  Marine x2  
  178  17:36  Marine x7, Siege Tank x2  
  193  17:38  SCV x2  
  193  17:41  Viking x2  
  193  17:43  Orbital Command  
  199  17:55  Marine x4  
  200  18:09  Command Center  
  200  18:17  Planetary Fortress  
  200  18:33  Command Center, Refinery  
  200  18:35  Terran Vehicle And Ship Armor Level 3, Command Center, Refinery  
  200  18:36  Terran Vehicle Weapons Level 3  
  200  18:38  Starport  
  200  18:41  Starport  
  200  18:42  Starport  
  200  18:54  Liberator  
  198  19:14  Liberator x2  
  198  19:16  Liberator  
  198  19:17  Siege Tank  
  198  19:30  Siege Tank  
  198  19:32  Marine  
  198  19:34  Marine  
  198  19:35  Planetary Fortress  
  200  19:43  Orbital Command x2  
  200  19:44  Orbital Command  
  200  19:46  Orbital Command  
  200  19:49  Orbital Command  
  193  19:53  Siege Tank  
  193  19:58  Liberator  
  193  19:59  Orbital Command  
  199  20:00  Orbital Command  
  199  20:03  Command Center  
  196  21:22  Starport Tech Lab x2, Starport Reactor, Raven x2  
  180  22:05  Command Center  
  189  22:07  Command Center  
Show
View Real Time Build Order
Export as new Build Order

Bunny Terran 

Build Orders: Gas First Reaper Expand, Hellion Opening 

Get SALT Encoding   

  12  0:00  SCV  
  13  0:12  SCV  
  14  0:17  Supply Depot  
  14  0:24  SCV  
  14  0:27  Refinery  
  15  0:38  SCV  
  16  0:44  Barracks  
  16  0:50  SCV  
  17  1:03  SCV  
  18  1:15  SCV  
  19  1:30  Orbital Command, Reaper  
  20  1:41  Command Center  
  20  1:51  Factory  
  20  1:56  SCV  
  21  2:05  Supply Depot, Barracks Reactor  
  21  2:08  SCV  
  22  2:15  Refinery  
  22  2:20  SCV  
  23  2:32  SCV  
  24  2:41  Starport  
  24  2:44  SCV  
  24  2:45  Hellion x2  
  29  2:53  Orbital Command  
  29  2:56  SCV  
  29  2:57  Barracks Tech Lab  
  30  3:07  Hellion x2  
  30  3:08  SCV  
  35  3:19  SCV  
  36  3:20  SCV  
  36  3:24  Raven  
  39  3:28  Hellion x2  
  39  3:32  Supply Depot  
  39  3:33  SCV  
  44  3:35  SCV  
  44  3:37  Barracks Tech Lab  
  45  3:46  SCV  
  45  3:47  SCV  
  45  3:59  Raven  
  45  4:00  SCV x2  
  49  4:03  Supply Depot  
  49  4:04  Cyclone  
  49  4:06  Marine x2  
  54  4:12  Refinery  
  54  4:24  SCV  
  54  4:25  SCV  
  54  4:27  Command Center  
  56  4:32  Supply Depot  
  56  4:33  Raven  
  56  4:37  SCV x2  
  60  4:39  Marine x2  
  62  4:51  Refinery  
  62  4:53  Supply Depot  
  62  4:54  Siege Tank, SCV x2  
  67  5:02  Supply Depot  
  67  5:06  SCV x2  
  67  5:14  Barracks x2  
  67  5:18  SCV x2  
  67  5:20  Stimpack  
  69  5:22  Starport Reactor  
  69  5:30  SCV x2  
  69  5:31  Siege Tank  
  69  5:32  Marine  
  75  5:40  Orbital Command  
  75  5:44  SCV x2  
  77  5:50  Engineering Bay  
  77  5:53  Engineering Bay  
  76  5:58  SCV x2  
  78  6:06  SCV  
  78  6:08  Starport Reactor  
  78  6:09  Siege Tank  
  82  6:16  Marine x3  
  85  6:20  Marine x2  
  85  6:22  Terran Infantry Armor Level 1, Terran Infantry Weapons Level 1  
  85  6:24  SCV  
  85  6:25  SCV x2  
  90  6:27  Supply Depot  
  88  6:40  Marine x4  
  88  6:41  Siege Tank, Marine  
  94  6:47  Medivac  
  94  6:48  Barracks  
  94  6:50  Medivac  
  94  6:52  Barracks  
  98  7:00  Supply Depot x2  
  98  7:01  Combat Shield  
  98  7:05  Marine x5  
  103  7:10  Armory  
  103  7:15  Siege Tank  
  98  7:28  Marine x5  
  100  7:31  Medivac x2  
  104  7:38  Orbital Command, Barracks Reactor  
  104  7:40  Supply Depot x2  
  104  7:41  Barracks Reactor  
  104  7:42  SCV x2  
  106  7:45  Marine  
  106  7:46  Marine x4  
  106  7:50  Missile Turret  
  111  7:52  Siege Tank  
  111  7:54  Missile Turret  
  114  8:01  Medivac x2, SCV x2  
  118  8:05  SCV  
  118  8:08  Marine x4  
  123  8:13  Marine, Sensor Tower  
  123  8:19  SCV x3  
  127  8:24  Siege Tank  
  128  8:31  SCV x3  
  131  8:35  Refinery  
  131  8:38  Terran Infantry Weapons Level 2  
  131  8:39  Refinery  
  131  8:40  Marine x4  
  131  8:41  Marine  
  138  8:45  SCV, Supply Depot  
  138  8:46  SCV x2  
  138  8:47  Supply Depot x2  
  138  8:51  Terran Infantry Armor Level 2  
  138  9:00  SCV x3  
  138  9:02  Supply Depot  
  141  9:06  Command Center  
  141  9:07  Siege Tank  
  144  9:11  Terran Vehicle Weapons Level 1  
  144  9:14  Supply Depot  
  143  9:20  Marine  
  143  9:21  Marine x8  
  152  9:25  Supply Depot  
  147  9:39  Siege Tank  
  147  9:40  Marine x9  
  147  9:43  Factory  
  147  9:44  Supply Depot  
  147  9:45  Supply Depot  
  159  9:46  Viking  
  160  9:55  SCV x3  
  160  9:58  Marine x5  
  167  10:02  Viking  
  169  10:11  Siege Tank  
  172  10:16  Viking  
  172  10:20  Starport  
  174  10:21  Starport  
  174  10:26  Sensor Tower  
  174  10:29  Marine  
  174  10:30  Marine x7  
  174  10:34  Marine  
  182  10:39  Missile Turret  
  182  10:40  Missile Turret  
  182  10:42  SCV x3  
  185  10:43  Siege Tank  
  185  10:45  Planetary Fortress  
  182  11:11  Terran Infantry Weapons Level 3, Terran Infantry Armor Level 3  
  182  11:15  Siege Tank  
  184  11:22  Factory Tech Lab  
  149  11:40  Marine x4  
  149  11:42  Starport Tech Lab x2  
  149  11:46  Refinery  
  150  11:47  Siege Tank, Barracks x3, Command Center, Refinery  
  150  11:52  Marine x5  
  150  11:53  Medivac  
  151  11:55  Medivac  
  151  11:57  Siege Tank  
  151  11:58  Marine x4, SCV x3  
  151  11:59  SCV  
  162  12:02  Raven x2  
  162  12:06  Terran Vehicle Weapons Level 2  
  166  12:10  Marine x4  
  166  12:14  SCV x3  
  174  12:15  SCV  
  174  12:23  Siege Tank  
  174  12:29  Siege Tank  
  180  12:33  Marine x9  
  188  12:44  Command Center  
  187  12:52  Raven  
  187  12:53  Medivac, Raven  
  187  12:55  Siege Tank  
  187  12:57  Barracks Reactor x3  
  196  13:01  Siege Tank  
  166  13:13  Marine x9  
  138  13:27  Siege Tank, Raven  
  134  13:30  Medivac x2  
  134  13:31  Marine x6, Raven  
  149  13:43  Marine x3  
  152  13:48  Siege Tank  
  152  13:51  Marine x11  
  166  13:57  Planetary Fortress  
  166  13:59  Siege Tank  
  169  14:12  Raven x2  
  169  14:13  Marine x2  
  169  14:14  Marine x4  
  178  14:20  Medivac x2  
  182  14:27  Terran Vehicle Weapons Level 3  
  182  14:33  Refinery  
  182  14:34  Refinery  
  182  14:43  Marine x3  
  182  14:44  Marine x9  
  191  14:50  Planetary Fortress  
  191  14:52  Refinery  
  188  14:57  Raven x2  
  183  15:03  Medivac x2  
  185  15:15  Siege Tank x2  
  179  15:24  Marine x10  
  183  15:36  Command Center  
  183  15:38  Marine, Command Center  
  183  15:39  Marine x4  
  188  15:46  Raven x2  
  188  15:47  Siege Tank x2  
  188  15:49  Medivac  
  190  16:05  Medivac  
  190  16:07  Marine x8  
  197  16:19  Refinery  
  197  16:20  Raven  
  197  16:24  Missile Turret  
  199  16:28  Command Center  
  175  16:33  Siege Tank x2  
  175  16:34  Marine x15  
  196  16:41  Medivac, Raven  
  197  16:51  Marine  
  197  16:52  Marine x2  
  191  17:07  Siege Tank  
  191  17:08  Siege Tank, Marine x5  
  178  17:16  Marine x9  
  178  17:19  Viking x2  
  178  17:20  Orbital Command x2  
  189  17:27  Marine x6, SCV  
  196  17:33  Marine  
  196  17:34  Marine x5  
  198  17:37  Marine  
  198  17:39  Terran Vehicle And Ship Armor Level 1  
  193  17:53  Marine  
  193  17:54  Marine x11  
  193  17:55  Planetary Fortress  
  193  17:57  Refinery  
  200  18:29  Starport  
  200  18:30  Starport, Armory  
  200  18:32  Starport  
  200  18:43  Command Center  
  200  18:47  Command Center  
  200  18:54  Siege Tank x2  
  200  18:55  Marine  
  185  19:12  Raven x2  
  185  19:17  Viking x2  
  185  19:20  Starport Reactor x2  
  189  19:26  Siege Tank  
  189  19:27  Siege Tank  
  176  19:33  Starport Reactor  
  176  19:34  Terran Vehicle And Ship Armor Level 2, Fusion Core, Terran Ship Weapons Level 1  
  170  19:39  Marine x15  
  171  19:46  Raven x2  
  171  19:49  Viking x2  
  175  19:56  Marine  
  175  19:57  Marine x14, Viking x2  
  175  19:58  Viking  
  175  19:59  Siege Tank  
  199  20:14  Marine  
  199  20:15  Sensor Tower  
  200  20:27  Viking  
  199  20:34  Missile Turret  
  196  20:36  Missile Turret  
  196  20:45  Viking x2  
  196  20:49  Planetary Fortress  
  200  20:52  Refinery  
  191  20:58  Viking  
  191  20:59  Viking x5  
  194  21:06  Viking  
  194  21:10  Viking  
  189  21:15  Viking x2  
  160  21:28  Viking  
  160  21:29  Viking x5  
  172  21:35  Viking  

Tags
 
Add a new tag
Caveats
  • Supply blocks, unpowered buildings, or Contaminate may cause inaccurate times.
  • Supply counts are checked every 10 seconds.